 Dungeon Crawl Stone Soup version 0.30-a0-728-gc68057be0a (webtiles) character file.

Game seed: 12196279340556769761

117 scionoferis the Ducker (level 4, -4/36 HPs)
             Began as a Demigod Hexslinger on Jan 30, 2023.
             Slain by a black bear (5 damage)
             ... on level 3 of the Dungeon.
             The game lasted 00:04:32 (2101 turns).

scionoferis the Ducker (Demigod Hexslinger)         Turns: 2101, Time: 00:04:33

Health: -4/36      AC:  7    Str: 11    XL:     4   Next: 44%
Magic:  8/8        EV: 13    Int: 15    God:
Gold:   105        SH:  0    Dex: 18    Spells: 4/5 levels left

rFire   . . .      SeeInvis .    a - +0 falchion
rCold   . . .      Faith    .    (no shield)
rNeg    . . .      Spirit   .    c - +0 robe
rPois   .          Reflect  .    k - +0 helmet
rElec   .          Harm     .    (no cloak)
rCorr   .          Rampage  .    (no gloves)
Will    .....                    (no boots)
Stlth   ++                       (no amulet)
HPRegen 0.26/turn                q - +4 ring of protection
MPRegen 0.11/turn                (no ring)

@: no status effects
A: high MP 1, forlorn, divine attributes
a: no special abilities


You were on level 3 of the Dungeon.
You visited 1 branch of the dungeon, and saw 3 of its levels.

You collected 105 gold pieces.


Innate Abilities, Weirdness & Mutations

You have an increased reservoir of magic. (+10% MP)
You shall have no god before yourself.
Your divine heritage dramatically boosts your attributes as you level up.


   Skills:
 + Level 2.0 Fighting
 * Level 1.0 Long Blades
 - Level 1.7 Ranged Weapons
 * Level 3.2 Dodging
 + Level 1.9 Stealth
 - Level 1.0 Spellcasting
 - Level 2.6 Hexes


You had 4 spell levels left.
You knew the following spells:

 Your Spells              Type           Power      Damage    Failure   Level
a - Slow                  Hex            32%        N/A       9%          1

Your spell library contained the following spells:

 Spells                   Type           Power      Damage    Failure   Level
 Apportation              Tloc           0%         N/A       24%         1
 Necrotise                Necr           0%         1d4       24%         1
 Summon Small Mammal      Summ           0%         N/A       24%         1
 Inner Flame              Hex/Fire       4%         N/A       38%         3
 Portal Projectile        Hex/Tloc       8%         N/A       38%         3
 Cause Fear               Hex            4%         N/A       63%         4

Inventory:

Hand Weapons
 a - a +0 falchion (weapon)
   (You found it on level 2 of the Dungeon)
 b - a +1 sling
 g - a +0 dagger
   (You took it off a kobold on level 1 of the Dungeon)
 n - a +0 rapier
   (You found it on level 2 of the Dungeon)
Missiles
 m - 3 javelins
 p - a poisoned dart (quivered)
Armour
 c - a +0 robe (worn)
 k - a +0 helmet (worn)
   (You found it on level 2 of the Dungeon)
Jewellery
 q - a +4 ring of protection (left hand)
   (You found it on level 2 of the Dungeon)
Scrolls
 e - a scroll of identify {unknown}
 h - a scroll of teleportation {unknown}
 l - a scroll of poison
 t - a scroll of noise {unknown}
 v - a scroll of brand weapon {unknown}
Potions
 d - a potion of haste {unknown}
 f - a potion of lignification {unknown}
 i - 2 potions of flight {unknown}
 j - 2 potions of heal wounds {unknown}
 o - 2 potions of curing {unknown}
 r - a potion of berserk rage {unknown}
 s - 2 potions of degeneration {unknown}
 u - 2 potions of might {unknown}

Dungeon Overview and Level Annotations

Branches:
Dungeon (3/15)

Annotations:
D:3 exclusion: phantom

########### #
#.........# #. ####
#.#######.# ... ..# #.#
#.### (...
#.###†#######.##.
.....###.##.............
...(..g...#..#######.##.
_...$(h@..#..# #....
#.#..........# #####
#..........# #
#.#...(.#### # # ###..##
# #. #..# #####
.##..###########.(..
..........#.....)..
##..# #.......###


You could see a black bear (berserk, poisoned) and a goblin.


Message History

Welcome, scionoferis the Demigod Hexslinger.
Everyone else who sought the Orb of Zot has failed.
Will you be different?
Press ? for a list of commands and other information.
Found a staircase leading out of the dungeon.
You now have 7 gold pieces.
A giant cockroach comes into view.
You shoot a sling bullet.
The sling bullet hits the giant cockroach.
The giant cockroach is almost dead.
You shoot a sling bullet.
The sling bullet closely misses the giant cockroach.
You shoot a sling bullet.
The sling bullet hits the giant cockroach.
You kill the giant cockroach!
No target in view!
d - an inky potion A hobgoblin comes into view.
The hobgoblin shouts!
You shoot a sling bullet.
The sling bullet barely misses the hobgoblin.
The hobgoblin barely misses you.
You shoot a sling bullet.
The sling bullet closely misses the hobgoblin.
The hobgoblin hits you.
You shoot a sling bullet. The sling bullet hits the hobgoblin.
The hobgoblin is almost dead.
The hobgoblin hits you. The hobgoblin barely misses you.
You shoot a sling bullet. The sling bullet hits the hobgoblin.
You kill the hobgoblin!
Your Fighting skill increases to level 1!
No target in view!
HP restored.
You now have 12 gold pieces (gained 5).
e - a scroll labelled ITHREP CYOH A bat and a goblin come into view.
The bat barely misses you.
You shoot a sling bullet. The sling bullet hits the bat.
The bat is severely wounded.
The bat hits you but does no damage. The bat closely misses you.
You shoot a sling bullet.
The sling bullet closely misses the bat.
The bat closely misses you. The bat hits you but does no damage.
You shoot a sling bullet.
The sling bullet closely misses the bat.
The bat hits you but does no damage.
You shoot a sling bullet. The sling bullet barely misses the bat.
The bat closely misses you. x2
You shoot a sling bullet. The sling bullet hits the bat.
The bat is severely wounded.
The bat hits you but does no damage. The bat barely misses you.
You shoot a sling bullet.
The sling bullet closely misses the bat.
The bat barely misses you. The bat hits you but does no damage.
The bat hits you. The bat closely misses you.
You shoot a sling bullet. The sling bullet hits the bat.
The bat is heavily wounded.
The bat misses you. The bat closely misses you.
You shoot a sling bullet. The sling bullet hits the bat.
You kill the bat!
The goblin hits you but does no damage.
Your Dodging skill increases to level 2!
You shoot a sling bullet.
The sling bullet barely misses the goblin.
The goblin hits you with a +0 club.
You shoot a sling bullet. The sling bullet hits the goblin.
You kill the goblin!
No target in view!
No target in view!
Things that are here:
a +0 club; a bat corpse A hobgoblin, an endoplasm and a rat come into view.
Found a fizzy cyan potion.
You shoot a sling bullet. The sling bullet hits the rat.
You kill the rat!
The endoplasm quivers.
The hobgoblin shouts!
You shoot a sling bullet. The sling bullet hits the endoplasm.
You kill the endoplasm!
A rat comes into view.
You shoot a sling bullet.
The sling bullet barely misses the hobgoblin.
A rat comes into view.
You shoot a sling bullet.
The sling bullet hits the hobgoblin but does no damage.
The hobgoblin hits you. The hobgoblin barely misses you.
You shoot a sling bullet. The sling bullet hits the hobgoblin.
You kill the hobgoblin!
You shoot a sling bullet.
The sling bullet hits the rat but does no damage.
You shoot a sling bullet. The sling bullet barely misses the rat.
The rat closely misses you. x2
You shoot a sling bullet. The sling bullet hits the rat.
You kill the rat!
The rat barely misses you. The rat completely misses you.
You shoot a sling bullet.
The sling bullet closely misses the rat.
The rat barely misses you.
You shoot a sling bullet. The sling bullet hits the rat.
You kill the rat!
You have reached level 2!
Things that are here:
a rat corpse; a hobgoblin corpse
Found a scale mail.
You pick up a book of Cantrips and begin reading...
You add the spells Necrotise, Summon Small Mammal and Apportation to your library.
f - a fizzy cyan potion You see here a +0 scale mail.
A frilled lizard comes into view.
The frilled lizard hisses angrily.
You shoot a sling bullet.
The sling bullet barely misses the frilled lizard.
You shoot a sling bullet.
The sling bullet hits the frilled lizard.
You kill the frilled lizard!
No target in view!
No target in view!
Okay, then.
You now have 22 gold pieces (gained 10).
A bat comes into view.
You shoot a sling bullet.
The sling bullet hits the bat but does no damage.
You shoot a sling bullet. The sling bullet hits the bat!
You kill the bat!
No target in view!
No target in view!
You see here a bat corpse.
A rat comes into view.
You shoot a sling bullet.
The sling bullet closely misses the rat.
You hear a shout!
A hobgoblin comes into view.
You shoot a sling bullet.
The sling bullet hits the rat but does no damage.
A giant cockroach comes into view.
You shoot a sling bullet.
The sling bullet hits the giant cockroach but does no damage.
You shoot a sling bullet.
The sling bullet barely misses the giant cockroach.
The sling bullet barely misses the hobgoblin.
The giant cockroach misses you. The rat closely misses you.
The giant cockroach closely misses you.
You see here a bat corpse.
You shoot a sling bullet. The sling bullet barely misses the rat.
The sling bullet hits the giant cockroach but does no damage.
The rat bites you.
You shoot a sling bullet. The sling bullet hits the rat.
You kill the rat!
The giant cockroach bites you but does no damage.
You shoot a sling bullet.
The sling bullet closely misses the giant cockroach.
The sling bullet hits the hobgoblin.
The hobgoblin is severely wounded.
The giant cockroach closely misses you.
The giant cockroach waves its antennae.
The giant cockroach bites you but does no damage.
You shoot a sling bullet.
The sling bullet hits the giant cockroach.
The giant cockroach is heavily wounded.
The giant cockroach bites you but does no damage.
You shoot a sling bullet.
The sling bullet closely misses the giant cockroach.
The sling bullet barely misses the hobgoblin.
The giant cockroach closely misses you. The giant cockroach barely misses you.
You shoot a sling bullet.
The sling bullet hits the giant cockroach.
You kill the giant cockroach!
The hobgoblin closely misses you.
You shoot a sling bullet.
The sling bullet closely misses the hobgoblin.
The hobgoblin closely misses you.
You shoot a sling bullet. The sling bullet hits the hobgoblin.
You kill the hobgoblin!
No target in view!
You see here a giant cockroach corpse.
Found a scale mail.
You now have 29 gold pieces (gained 7).
A kobold comes into view. It is wielding a +0 dagger.
You shoot a sling bullet. The sling bullet hits the kobold.
You kill the kobold!
No target in view!
No target in view!
Things that are here:
a +0 dagger; a kobold corpse
Things that are here:
a rat corpse; a hobgoblin corpse You see here a +0 scale mail.
Found a ring mail.
Search for what [? for help]? dagg You see here a giant cockroach corpse.
You see here a bat corpse.
You see here a +0 scale mail.
Things that are here:
a rat skeleton; a hobgoblin skeleton You see here a rat skeleton.
Things that are here:
a +0 dagger; a kobold corpse
g - a +0 dagger
Things that are here:
a rat skeleton; a hobgoblin skeleton You see here a +0 scale mail.
You see here a bat skeleton.
Found a stone staircase leading down.
A frilled lizard comes into view.
You shoot a sling bullet.
The sling bullet hits the frilled lizard.
You kill the frilled lizard!
No target in view!
No target in view!
An endoplasm comes into view.
Found a stone staircase leading down.
An endoplasm is nearby!
You shoot a sling bullet. The sling bullet hits the endoplasm.
The endoplasm quivers.
The endoplasm is almost dead.
You shoot a sling bullet. The sling bullet hits the endoplasm.
You kill the endoplasm!
No target in view!
No target in view!
No target in view!
Found a hand axe.
Found a robe.
An endoplasm and a goblin come into view.
The endoplasm quivers.
You shoot a sling bullet.
The sling bullet hits the endoplasm but does no damage.
You hear a shout!
The goblin shouts!
You hear a shout!
You shoot a sling bullet. The sling bullet hits the endoplasm!
You kill the endoplasm!
A kobold comes into view. It is wielding a +0 dagger.
An endoplasm comes into view.
Your Stealth skill increases to level 1!
You shoot a sling bullet.
The sling bullet barely misses the kobold.
You shoot a sling bullet. The sling bullet hits the kobold.
The kobold is moderately wounded.
The kobold barely misses you. The goblin hits you but does no damage.
You shoot a sling bullet.
The sling bullet hits the kobold but does no damage.
The kobold is moderately wounded.
The kobold barely misses you. The goblin closely misses you.
You shoot a sling bullet.
The sling bullet barely misses the kobold.
The kobold hits you with a +0 dagger. The goblin closely misses you.
The goblin hits you with a +0 club. The kobold hits you with a +0 dagger.
The kobold attacks as you move away! The kobold misses you.
A kobold comes into view. It is wielding a +0 club.
You shoot a sling bullet.
The sling bullet hits the kobold but does no damage.
The kobold is moderately wounded.
The kobold hits you with a +0 dagger.
You shoot a sling bullet. The sling bullet hits the kobold.
The kobold is severely wounded.
The kobold hits you with a +0 dagger.
You shoot a sling bullet.
The sling bullet hits the kobold but does no damage.
The kobold is severely wounded.
The kobold misses you.
You shoot a sling bullet.
The sling bullet hits the kobold but does no damage.
The kobold is severely wounded.
The kobold hits you but does no damage. The kobold hits you with a +0 dagger.
You are too injured to fight recklessly!
You are too injured to fight recklessly!
You are too injured to fight recklessly!
You are too injured to fight recklessly!
You are too injured to fight recklessly!
Fire: a) +1 sling
Press: ? - help, Q - select action, (/) - cycle Shift-Dir - straight line, f/p - kobold
Aim: a kobold, wielding a +0 dagger (severely wounded, 47% to hit)
You shoot a sling bullet. The sling bullet hits the kobold.
You kill the kobold!
Fire: a) +1 sling
Press: ? - help, Q - select action, (/) - cycle Shift-Dir - straight line, f - goblin
Aim: a goblin, wielding a +0 club (47% to hit)
You shoot a sling bullet. The sling bullet hits the goblin.
You kill the goblin!
Fire: a) +1 sling
Press: ? - help, Q - select action, (/) - cycle Shift-Dir - straight line, f - endoplasm
Aim: an endoplasm (85% to hit)
You shoot a sling bullet. The sling bullet hits the endoplasm.
The endoplasm is severely wounded.
The endoplasm closely misses you. x2
Fire: a) +1 sling
Press: ? - help, Q - select action, (/) - cycle Shift-Dir - straight line, f/p - endoplasm
Aim: an endoplasm (severely wounded, 85% to hit)
You shoot a sling bullet.
The sling bullet barely misses the endoplasm.
The sling bullet hits the kobold.
You kill the kobold!
The endoplasm jiggles.
The endoplasm freezes you.
You are frozen.
Fire: a) +1 sling
Press: ? - help, Q - select action, (/) - cycle Shift-Dir - straight line, f/p - endoplasm
Aim: an endoplasm (severely wounded, 85% to hit)
You shoot a sling bullet. The sling bullet hits the endoplasm.
You kill the endoplasm!
You start resting.
HP restored.
Things that are here:
a +0 club; a +0 dagger; a kobold corpse
Things that are here:
a +0 club; 4 stones; a kobold corpse
Found a robe.
Found an escape hatch in the floor.
A kobold comes into view. It is wielding a +0 dagger.
You shoot a sling bullet. The sling bullet hits the kobold.
You kill the kobold!
No target in view!
No target in view!
A rat comes into view.
Found a stone staircase leading down.
A rat is nearby!
You shoot a sling bullet.
The sling bullet closely misses the rat.
You shoot a sling bullet. The sling bullet barely misses the rat.
You shoot a sling bullet. The sling bullet hits the rat.
You kill the rat!
No target in view!
h - a scroll labelled KOOXEI QOYHEO You see here a +0 robe.
Partly explored, can't reach some places.
g - a +0 dagger (weapon)
You hit the plant.
The plant begins to die.
The plant is lightly damaged.
You hit the plant.
The plant begins to die.
The plant is lightly damaged.
You completely miss the plant.
The plant is lightly damaged.
You hit the plant.
The plant is lightly damaged.
A nearby plant withers and dies.
You completely miss the plant.
The plant is lightly damaged.
You hit the plant but do no damage. You hit the plant.
The plant begins to die.
The plant is lightly damaged.
You hit the plant.
The plant begins to die.
The plant is lightly damaged.
You hit the plant.
The plant is lightly damaged.
You hit the plant.
The plant is lightly damaged.
You hit the plant.
The plant is lightly damaged.
A nearby plant withers and dies.
You hit the plant.
The plant begins to die.
The plant is lightly damaged.
You hit the plant but do no damage.
The plant is lightly damaged.
You hit the plant but do no damage. You hit the plant.
The plant begins to die.
The plant is lightly damaged.
A nearby plant withers and dies.
You hit the plant.
The plant begins to die.
The plant is lightly damaged.
You hit the plant but do no damage.
The plant is lightly damaged.
You hit the plant but do no damage.
The plant is lightly damaged.
You hit the plant but do no damage.
The plant is lightly damaged.
A nearby plant withers and dies.
You hit the plant.
The plant begins to die.
The plant is lightly damaged.
You hit the plant. You punch the plant, but do no damage.
The plant is lightly damaged.
You hit the plant.
The plant is lightly damaged.
You hit the plant.
The plant begins to die.
The plant is lightly damaged.
A nearby plant withers and dies.
You hit the plant. You punch the plant.
The plant is lightly damaged.
A nearby plant withers and dies.
You hit the plant.
The plant begins to die.
The plant is lightly damaged.
You hit the plant. You punch the plant, but do no damage.
The plant is lightly damaged.
You hit the plant but do no damage.
The plant is lightly damaged.
You hit the plant but do no damage. You hit the plant.
The plant begins to die.
The plant is lightly damaged.
A nearby plant withers and dies.
You hit the plant but do no damage.
The plant is lightly damaged.
Unknown command.
Done exploring.
A nearby plant withers and dies.
You see here a +0 robe.
There is a stone staircase leading down here.
You climb downwards.
There is a stone staircase leading up here.
Search for what [Enter for "dagg", or ? for help]? : Unknown command.
There is a stone staircase leading up here.
You open the door.
A kobold comes into view. It is wielding a +0 whip.
Found a stone staircase leading up.
The kobold shouts!
You hear a shout! x3
There is an open door here.
a - a +1 sling (weapon)
You shoot a sling bullet. The sling bullet hits the kobold.
You kill the kobold!
No target in view!
No target in view!
An orc comes into view. It is wielding a +0 club.
You shoot a sling bullet. The sling bullet barely misses the orc.
An orc priest comes into view. It is wielding a +0 dagger.
You shoot a sling bullet. The sling bullet hits the orc priest.
The orc priest is lightly wounded.
You shoot a sling bullet.
The sling bullet closely misses the orc.
The sling bullet hits the orc priest.
The orc priest is heavily wounded.
The orc priest looks braver for a moment.
An orc comes into view. It is wielding a +0 club.
You shoot a sling bullet. The sling bullet barely misses the orc.
The sling bullet hits the orc priest.
The orc priest is severely wounded.
An orc comes into view. It is wielding a +0 club.
There is an open door here.
Fire: a) +1 sling
Press: ? - help, Q - select action, (/) - cycle Shift-Dir - straight line, f - orc priest, p - orc
Aim: an orc priest, wielding a +0 dagger (severely wounded, 56% to hit)
You shoot a sling bullet. The sling bullet hits the orc priest.
The orc priest is almost dead.
Fire: a) +1 sling
Press: ? - help, Q - select action, (/) - cycle Shift-Dir - straight line, f/p - orc priest
Aim: an orc priest, wielding a +0 dagger (almost dead, 56% to hit)
You shoot a sling bullet. The sling bullet hits the orc.
The orc is moderately wounded.
You hear a shout!
The orc hits you with a +0 club.
Fire: a) +1 sling
Press: ? - help, Q - select action, (/) - cycle Shift-Dir - straight line, f/p - orc priest
Aim: an orc priest, wielding a +0 dagger (almost dead, 56% to hit)
You shoot a sling bullet. The sling bullet hits the orc!
You kill the orc!
An orc comes into view. It is wielding a +0 club.
The orc priest miscasts a cantrip.
Fire: a) +1 sling
Press: ? - help, Q - select action, (/) - cycle Shift-Dir - straight line, f/p - orc priest
Aim: an orc priest, wielding a +0 dagger (almost dead, 56% to hit)
You shoot a sling bullet.
The sling bullet closely misses the orc priest.
The sling bullet hits the orc.
The orc is lightly wounded.
The orc priest barely misses you.
Fire: a) +1 sling
Press: ? - help, Q - select action, (/) - cycle Shift-Dir - straight line, f/p - orc priest
Aim: an orc priest, wielding a +0 dagger (almost dead, 56% to hit)
You shoot a sling bullet. The sling bullet hits the orc priest.
You kill the orc priest!
Your Dodging skill increases to level 3!
You have reached level 3!
Your experience leads to a dramatic increase in your attributes!
Increase (S)trength, (I)ntelligence, or (D)exterity?
You feel agile. x4
You shoot a sling bullet.
The sling bullet closely misses the orc.
The sling bullet hits the orc.
The orc is moderately wounded.
The orc misses you. The orc closely misses you.
You shoot a sling bullet.
The sling bullet closely misses the orc. x2
The orc hits you with a +0 club.
You shoot a sling bullet. The sling bullet hits the orc.
The orc is almost dead.
The orc closely misses you.
You shoot a sling bullet.
The sling bullet hits the orc but does no damage.
The orc is almost dead.
The orc misses you. The orc hits you with a +0 club.
You shoot a sling bullet.
The sling bullet hits the orc but does no damage.
The orc is almost dead.
The orc hits you but does no damage.
You shoot a sling bullet. The sling bullet hits the orc!
You kill the orc!
You shoot a sling bullet. The sling bullet hits the orc.
The orc is heavily wounded.
The orc hits you with a +0 club. The orc hits you but does no damage.
You shoot a sling bullet.
The sling bullet completely misses the orc.
The sling bullet closely misses the orc.
The orc hits you with a +0 club.
You shoot a sling bullet. The sling bullet barely misses the orc.
The sling bullet hits the orc!
You kill the orc!
The orc barely misses you.
You shoot a sling bullet. The sling bullet hits the orc!
You kill the orc!
No target in view!
No target in view!
HP restored.
There is an open door here.
Items here: )))) ††††.
An orc comes into view. It is wielding a +0 flail.
You shoot a sling bullet. The orc shouts!
The sling bullet hits the orc.
The orc is lightly wounded.
No target in view!
No target in view!
You shoot a sling bullet.
The sling bullet hits the orc but does no damage.
The orc is lightly wounded.
You shoot a sling bullet. The sling bullet hits the orc.
The orc is moderately wounded.
You shoot a sling bullet. The sling bullet barely misses the orc.
The orc hits you with a +0 flail.
You shoot a sling bullet. The sling bullet hits the orc.
The orc is heavily wounded.
The orc closely misses you.
You shoot a sling bullet. The sling bullet hits the orc.
You kill the orc!
No target in view!
i - a silvery potion You now have 42 gold pieces (gained 13).
Things that are here:
a +0 flail; a +0 leather armour; an orc corpse You see here a +0 whip.
Found a whip.
Search for what [Enter for ":", or ? for help]? d: You see here a +0 whip.
There is an open door here.
Items here: )))) ††††.
An endoplasm comes into view.
Found 2 sapphire potions.
You shoot a sling bullet. The sling bullet hits the endoplasm!
You kill the endoplasm!
No target in view!
No target in view!
j - 2 sapphire potions
Found a helmet.
You see here a +0 helmet.
k - a +0 helmet You start putting on your armour.
You continue putting on your +0 helmet. x4
You finish putting on your +0 helmet.
As you open the door, it creaks loudly!
Found a falchion.
There is an open door here.
Found 26 gold pieces.
The kobold shouts!
You hear a shout!
You hear an angry hiss.
You see here a +0 falchion.
l - a +0 falchion Adjust to which letter? (? for menu, Esc to quit)
a - a +0 falchion;
l - a +1 sling (weapon)
Adjust to which letter? (? for menu, Esc to quit)
b - a +1 sling (weapon);
l - a scroll of poison You open the door.
There is an open door here.
Found 3 javelins.
You see here 3 javelins.
m - 3 javelins
Found a rapier.
You see here a +0 rapier.
n - a +0 rapier
Found a stone staircase leading down.
A bat comes into view.
A bat is nearby!
You shoot a sling bullet. The sling bullet hits the bat.
You kill the bat!
No target in view!
No target in view!
You now have 55 gold pieces (gained 13).
A worm comes into view.
You see here 9 gold pieces.
You shoot a sling bullet. The sling bullet hits the worm.
The worm is moderately wounded.
You shoot a sling bullet. The sling bullet hits the worm.
The worm is heavily wounded.
You shoot a sling bullet. The sling bullet hits the worm.
The worm is almost dead.
You shoot a sling bullet. The sling bullet hits the worm.
The worm is almost dead.
a - a +0 falchion (weapon)
The worm bites you!
You hit the worm.
The worm is almost dead.
The worm barely misses you.
You hit the worm but do no damage.
The worm is almost dead.
You hit the worm but do no damage.
The worm is almost dead.
The worm barely misses you.
You slash the worm!
You kill the worm!
No target in view!
b - a +1 sling (weapon)
You now have 64 gold pieces (gained 9).
You open the door.
A frilled lizard comes into view.
The frilled lizard hisses angrily.
Found 11 gold pieces.
You shoot a sling bullet.
The sling bullet barely misses the frilled lizard.
You shoot a sling bullet.
The sling bullet misses the frilled lizard.
You shoot a sling bullet.
The sling bullet misses the frilled lizard.
The frilled lizard bites you but does no damage.
You shoot a sling bullet.
The sling bullet hits the frilled lizard.
You kill the frilled lizard!
No target in view!
There is an open door here.
You now have 75 gold pieces (gained 11).
o - a green potion As you open the door, it creaks loudly!
There is an open door here.
An adder is nearby!
You shoot a sling bullet.
The sling bullet barely misses the adder.
The adder hisses angrily.
You shoot a sling bullet.
The sling bullet barely misses the adder.
You shoot a sling bullet. The sling bullet hits the adder.
The adder is moderately wounded.
a - a +0 falchion (weapon)
The adder completely misses you.
You barely miss the adder.
The adder is moderately wounded.
The adder bites you.
You miss the adder.
The adder is moderately wounded.
The adder misses you. The adder bites you but does no damage.
You closely miss the adder.
The adder is moderately wounded.
The adder barely misses you.
You slash the adder!
You kill the adder!
You have reached level 4!
b - a +1 sling (weapon)
You open the door.
There is an open door here.
You open the door.
There is an open door here.
A quokka and a bat come into view.
You shoot a sling bullet. The sling bullet hits the bat.
You kill the bat!
You shoot a sling bullet. The sling bullet hits the quokka.
The quokka is almost dead.
You shoot a sling bullet. The sling bullet hits the quokka!
You kill the quokka!
No target in view!
There is an open door here.
You open the door. 4 jackals come into view.
The jackal barks! x3; You hear an angry hiss.
A bat comes into view.
The jackal closely misses you.
There is an open door here.
a - a +0 falchion (weapon)
The jackal bites you but does no damage.
You miss the jackal.
The jackal bites you but does no damage.
The jackal closely misses you.
You barely miss the jackal.
The jackal bites you but does no damage.
A frilled lizard comes into view.
The jackal closely misses you.
You slash the jackal!
You kill the jackal!
The jackal completely misses you.
You hit the jackal.
You kill the jackal!
The jackal bites you.
You closely miss the jackal. The jackal completely misses you.
The jackal closely misses you.
You slash the jackal!
You kill the jackal!
The bat closely misses you.
You miss the bat. The bat hits you. The bat closely misses you.
The bat hits you but does no damage.
You hit the bat.
You kill the bat!
The jackal closely misses you.
You slash the jackal!
You kill the jackal!
The frilled lizard closely misses you.
You hit the frilled lizard.
You kill the frilled lizard!
No target in view!
No target in view!
b - a +1 sling (weapon)
Things that are here:
a jackal corpse; a bat corpse; a jackal corpse
Found 4 poisoned darts.
Found a stone staircase leading down.
Found a copper ring.
A rat comes into view.
You shoot a sling bullet. The sling bullet hits the rat.
You kill the rat!
You see here 4 poisoned darts.
p - 4 poisoned darts
q - a +4 ring of protection
There are no items here.
q - a +4 ring of protection (left hand)
A rat comes into view.
You shoot a sling bullet. The sling bullet hits the rat.
You kill the rat!
No target in view!
No target in view!
Found a stone staircase leading down.
Found a robe.
No target in view!
You now have 82 gold pieces (gained 7).
r - a fuming yellow potion
Found 3 stones.
A frilled lizard comes into view.
You shoot a sling bullet.
The sling bullet hits the frilled lizard.
You kill the frilled lizard!
No target in view!
No target in view!
s - 2 brown potions You open the door.
Found a stone staircase leading up.
No target in view!
t - a scroll labelled LUNKOE RACAA You see here 4 stones.
There is a stone staircase leading up here.
There is a stone staircase leading up here.
You see here 4 stones.
There is an open door here.
Done exploring.
Things that are here:
a jackal skeleton; a bat skeleton; a jackal skeleton
There is an open door here.
You open the door.
There is an open door here.
There is a stone staircase leading down here.
You climb downwards.
Found 2 fizzy silvery potions.
There is a stone staircase leading up here.
a - a +0 falchion (weapon)
Found 10 gold pieces.
g - a +0 dagger (weapon)
The helpless adder fails to defend itself.
You puncture the adder!
The adder is severely wounded.
The adder bites you but does no damage. The adder misses you.
a - a +0 falchion (weapon)
You miss the adder.
The adder is severely wounded.
The adder misses you. The adder bites you but does no damage.
You miss the adder.
The adder is severely wounded.
The adder misses you.
You hit the adder.
You kill the adder!
No target in view!
b - a +1 sling (weapon)
You now have 92 gold pieces (gained 10).
You now have 97 gold pieces (gained 5).
u - 2 fizzy silvery potions You now have 105 gold pieces (gained 8).
Found a stone staircase leading down.
A kobold comes into view. It is wielding a +0 dagger.
You shoot a sling bullet.
The sling bullet barely misses the kobold.
The kobold shouts!
You shoot a sling bullet. The sling bullet hits the kobold.
The kobold is moderately wounded.
You shoot a sling bullet.
The sling bullet hits the kobold but does no damage.
The kobold is moderately wounded.
A ball python comes into view.
You shoot a sling bullet. The ball python hisses angrily.
The sling bullet hits the kobold!
You kill the kobold!
Your Fighting skill increases to level 2!
You shoot a sling bullet.
The sling bullet closely misses the ball python.
The ball python bites you. The ball python closely misses you.
You shoot a sling bullet.
The sling bullet closely misses the ball python.
The ball python bites you but does no damage.
The ball python barely misses you.
You shoot a sling bullet.
The sling bullet closely misses the ball python.
The ball python closely misses you. The ball python barely misses you.
The ball python bites you. The ball python grabs you.
The ball python constricts you.
You shoot a sling bullet. The sling bullet hits the ball python.
You kill the ball python!
No target in view!
HP restored.
Found 6 stones.
You see here a ball python corpse.
You see here a +0 vampiric spear.
Found 6 stones.
A dart slug comes into view.
Found a green potion.
You shoot a sling bullet. The sling bullet hits the dart slug.
The dart slug is heavily wounded.
You shoot a sling bullet. The sling bullet hits the dart slug.
The dart slug is severely wounded.
You shoot a sling bullet. The sling bullet hits the dart slug.
You kill the dart slug!
No target in view!
You see here a dart slug corpse.
o - 2 green potions (gained 1)
A dart slug comes into view.
You shoot a sling bullet.
The sling bullet hits the dart slug but does no damage.
You shoot a sling bullet.
The sling bullet hits the dart slug but does no damage.
The dart slug launches a dart at you.
The slug dart hits you but does no damage.
You shoot a sling bullet. The sling bullet hits the dart slug!
The dart slug is severely wounded.
You shoot a sling bullet.
The sling bullet barely misses the dart slug.
You shoot a sling bullet. The sling bullet hits the dart slug.
You kill the dart slug!
Your Long Blades skill increases to level 1!
Found a stone staircase leading up.
v - a scroll labelled FYMPOR EPPO
Found a scale mail.
You see here a +0 scale mail.
A bat comes into view.
You shoot a sling bullet. The sling bullet hits the bat!
You kill the bat!
No target in view!
No target in view!
A phantom comes into view.
There is a stone staircase leading down here.
A worm comes into view.
You shoot a sling bullet. The sling bullet hits the worm.
The worm is lightly wounded.
You shoot a sling bullet. The sling bullet hits the worm.
The worm is moderately wounded.
You shoot a sling bullet.
The sling bullet completely misses the worm.
You shoot a sling bullet. The sling bullet hits the worm.
The worm is heavily wounded.
You shoot a sling bullet. The sling bullet hits the worm!
The worm is severely wounded.
You shoot a sling bullet. The sling bullet hits the worm!
You kill the worm!
No target in view!
No target in view!
You see here a worm corpse.
i - 2 silvery potions (gained 1)
A black bear comes into view.
Found a faded altar of an unknown god.
The black bear growls angrily.
Unknown command.
You shoot a sling bullet. The sling bullet hits the black bear.
The black bear is lightly wounded.
a - a +0 falchion (weapon)
Throw: 4 darts (poison)
Press: ? - help, Q - select action, (/) - cycle Shift-Dir - straight line, f/p - black bear
Aim: a black bear (lightly wounded, 69% to hit)
You throw a poisoned dart. The poisoned dart hits the black bear.
The black bear is poisoned.
The black bear is lightly wounded.
Throw: 3 darts (poison)
Press: ? - help, Q - select action, (/) - cycle Shift-Dir - straight line, f/p - black bear
Aim: a black bear (lightly wounded, poisoned, 69% to hit)
You throw a poisoned dart.
The poisoned dart barely misses the black bear.
Casting: Slow (safe; 9% risk of failure)
Confirm with . or Enter, or press ? or * to list all spells.
Aiming: Slow (safe; 9% risk of failure)
Press: ? - help, Shift-Dir - straight line, f/p - black bear
Aim: a black bear (lightly wounded, poisoned, chance to affect: 41%)
Okay, then.
Throw: 2 darts (poison)
Press: ? - help, Q - select action, (/) - cycle Shift-Dir - straight line, f/p - black bear
Aim: a black bear (lightly wounded, poisoned, 69% to hit)
You throw a poisoned dart. The poisoned dart hits the black bear.
The black bear looks even sicker.
The black bear is lightly wounded.
You hit the black bear.
The black bear is moderately wounded.
The black bear closely misses you.
The black bear claws you but does no damage.
The black bear claws you.
A goblin comes into view. It is wielding a +0 club.
You completely miss the black bear.
The black bear is moderately wounded.
The black bear bites you.
The black bear claws you but does no damage.
The black bear closely misses you.
You barely miss the black bear.
The black bear is moderately wounded.
The black bear bites you but does no damage.
The black bear claws you. The black bear completely misses you.
The black bear bites you. The black bear barely misses you.
The black bear claws you.
You hit the black bear.
The black bear is heavily wounded.
The black bear goes berserk!
You hit the black bear but do no damage.
The black bear is severely wounded.
The black bear barely misses you. The black bear claws you. x2
The black bear closely misses you.
The black bear claws you but does no damage.
The black bear claws you.
You barely miss the black bear.
The black bear is severely wounded.
The black bear bites you but does no damage.
The black bear claws you. x2
The black bear bites you but does no damage.
The black bear misses you. x2
You hit the black bear but do no damage.
The black bear is severely wounded.
The goblin hits you but does no damage. The black bear bites you!
* * * LOW HITPOINT WARNING * * *
The black bear claws you.
* * * LOW HITPOINT WARNING * * *
The black bear claws you.
You die...

Skill      XL: |  1  2  3  4 |
---------------+-------------+-----
Fighting       | 1 2 |  2.0
Dodging        | 2 3 |  3.2
Stealth        | 1 |  1.9
Long Blades    | 1 |  1.0
Ranged Weapons | |  1.7
Spellcasting   | |  1.0
Hexes          | |  2.6

Action                     |  1- 3 |  4- 6 || total
---------------------------+-------+-------++-------
  Melee: Dagger            |    30 |     1 ||    31
         Punch             |     3 |       ||     3
         Falchion          |     8 |    20 ||    28
   Fire: Sling             |   105 |    30 ||   135
  Throw: Dart              |       |     3 ||     3
   Stab: Sleeping          |       |     1 ||     1
 Armour: Robe              |    15 |    15 ||    30
  Dodge: Dodged            |    46 |    25 ||    71

Levels and vault maps discovered:
D:1:      nagdon_arrival_zigzag_paths, layout_loops_ring,
          minmay_indecisive_spiral
D:2:      cheibrodos_pilgrimage, layout_loops_corners, lightli_corner_chamber
D:3:      layout_loops_ring, amcnicky_altar_gilded,
          lemuel_zombie_altar_yredelemnul, basic_ecumenical_altar

Notes
Turn   | Place    | Note
-------+----------+-------------------------------------------
     0 | D:1      | scionoferis the Demigod Hexslinger began the quest for the
                  | Orb.
     0 | D:1      | Reached XP level 1. HP: 15/15 MP: 4/4
    84 | D:1      | Reached skill level 1 in Fighting
   173 | D:1      | Reached skill level 2 in Dodging
   248 | D:1      | Reached XP level 2. HP: 21/23 MP: 5/5
   597 | D:1      | Reached skill level 1 in Stealth
   976 | D:2      | Reached skill level 3 in Dodging
   976 | D:2      | Reached XP level 3. HP: 29/29 MP: 6/6
  1381 | D:2      | Reached XP level 4. HP: 33/36 MP: 8/8
  1917 | D:3      | Reached skill level 2 in Fighting
  1967 | D:3      | Reached skill level 1 in Long Blades
  2023 | D:3      | Noticed a phantom
  2089 | D:3      | Noticed a black bear
  2101 | D:3      | HP: 3/36 [black bear (11)]
  2101 | D:3      | HP: 1/36 [black bear (2)]
  2101 | D:3      | Slain by a black bear

Vanquished Creatures
  An orc priest (D:2)
  2 adders (D:2 D:3)
  2 worms (D:2 D:3)
  2 dart slugs (D:3)
  5 orcs (D:2)
  A ball python (D:3)
  6 bats (D:1 D:2 D:3)
  5 endoplasms (D:1 D:2)
  2 giant cockroaches (D:1)
  2 goblins (D:1)
  3 hobgoblins (D:1)
  4 jackals (D:2)
  6 kobolds (D:1 D:2 D:3)
  A quokka (D:2)
  5 frilled lizards (D:1 D:2)
  7 rats (D:1 D:2)
54 creatures vanquished.

Vanquished Creatures (others)
  11 plants (D:1)
11 creatures vanquished.

Grand Total: 65 creatures vanquished

Table legend: (Time is in decaauts)
 A = Elapsed time spent in this place.
 B = Non-inter-level travel time spent in this place.
 C = Inter-level travel time spent in this place.
 D = Time resting spent in this place.
 E = Time spent auto-exploring this place.
 F = Levels seen in this place.
 G = Mean time per level.
                   A        B        C        D        E       F      G
               +--------+--------+--------+--------+--------+-----+--------+
         Total |   2144 |   1959 |    185 |     60 |   1499 |   3 |  714.7 |
       Dungeon |   2144 |   1959 |    185 |     60 |   1499 |   3 |  714.7 |
               +--------+--------+--------+--------+--------+-----+--------+

Top non-repeatable levels by time:
     D:1: 959 daAuts
     D:2: 945 daAuts
     D:3: 239 daAuts

Table legend:
 A = Non-vault XP
 B = Vault XP
 C = Vault XP percentage of total XP
 D = Non-vault monster count
 E = Vault monster count
 F = Vault count percentage of total count
                 A         B        C        D         E       F
            +---------+---------+-------+---------+---------+-------
      Total |     104 |      64 |  38.1 |      44 |      10 |  18.5
            +---------+---------+-------+---------+---------+-------
        D:1 |      33 |       6 |  15.4 |      20 |       4 |  16.7
        D:2 |      40 |      58 |  59.2 |      17 |       6 |  26.1
        D:3 |      31 |       0 |   0.0 |       7 |       0 |   0.0
            +---------+---------+-------+---------+---------+-------
